Map: Pendiente de Agustín EE

Players

Goku

  • Race: Terran Terran
  • League: Silver
  • Spawn Location: 11:00

dkchalo

  • Race: Terran Terran
  • League: Silver
  • Spawn Location: 12:00

SALINERO

  • Race: Terran Terran
  • Spawn Location: 12:00

TATORREA

  • Race: Protoss Protoss
  • League: Gold
  • Spawn Location: 5:00

MrFercho

  • Race: Zerg Zerg
  • League: Silver
  • Spawn Location: 6:00

tigro

  • Race: Terran Terran
  • League: Bronze
  • Spawn Location: 6:00

VOD

Have the link to the VOD?

Description

Time

  • Played on: July 1, 2020, 9:08 p.m.
  • Length: 16:23
Show
View Real Time Build Order
Export as new Build Order

Goku Terran 

Build Orders: Mech 

Get SALT Encoding   

  12  0:02  SCV  
  14  0:14  SCV  
  14  0:19  Supply Depot  
  14  0:26  SCV  
  15  0:41  SCV  
  16  0:46  Barracks  
  16  0:58  Supply Depot, SCV  
  16  1:03  Refinery  
  17  1:09  Refinery  
  17  1:10  SCV  
  18  1:43  SCV  
  19  1:48  Marine  
  20  2:03  SCV  
  20  2:06  Marine  
  22  2:12  Factory  
  22  2:23  Marine  
  23  2:30  Supply Depot  
  23  2:37  Orbital Command  
  23  2:38  Command Center  
  23  2:53  Engineering Bay  
  23  2:58  Factory Tech Lab  
  23  3:13  SCV  
  23  3:17  Siege Tank  
  27  3:25  SCV  
  28  3:42  SCV  
  29  3:54  Barracks Tech Lab, SCV  
  30  3:56  Siege Tank  
  33  4:05  Missile Turret  
  33  4:06  SCV  
  34  4:11  Missile Turret  
  34  4:14  Missile Turret  
  34  4:15  Missile Turret x2  
  34  4:18  SCV  
  35  4:24  Missile Turret  
  35  4:29  Missile Turret  
  35  4:40  Siege Tank  
  35  4:44  Marine  
  39  4:51  Hi-Sec Auto Tracking  
  39  4:58  SCV  
  40  5:02  Marine, Orbital Command  
  41  5:11  Stimpack, SCV  
  42  5:17  Widow Mine  
  42  5:20  Marine  
  45  5:34  SCV  
  46  5:38  Marine, Widow Mine  
  46  5:40  SCV  
  50  5:47  SCV  
  51  5:50  Refinery  
  51  5:52  SCV  
  51  5:53  Refinery  
  52  5:59  SCV  
  53  6:04  Armory, SCV  
  53  6:05  Armory  
  54  6:18  Widow Mine, SCV x2  
  58  6:24  Supply Depot  
  58  6:25  Supply Depot  
  58  6:27  Supply Depot  
  58  6:30  SCV x2  
  58  6:31  Supply Depot  
  58  6:32  Supply Depot  
  60  6:50  Supply Depot  
  60  6:52  Supply Depot  
  60  6:54  Supply Depot  
  60  7:04  Supply Depot  
  60  7:13  SCV  
  61  7:25  SCV  
  61  7:29  Terran Vehicle Weapons Level 1  
  62  7:30  Terran Vehicle And Ship Armor Level 1  
  62  7:37  SCV  
  62  7:42  Factory  
  62  7:44  Factory  
  63  7:48  Factory  
  63  7:49  SCV  
  64  7:54  Factory  
  64  8:01  SCV  
  64  8:02  Thor  
  71  8:13  SCV  
  72  8:20  Neosteel Armor  
  72  8:25  SCV  
  73  8:29  Factory Tech Lab  
  73  8:35  Factory Tech Lab  
  73  8:37  SCV  
  73  8:39  Factory Reactor  
  74  8:45  Factory Tech Lab  
  74  8:50  SCV  
  75  9:02  SCV  
  76  9:09  Thor x3  
  88  9:11  Thor  
  100  9:47  Barracks Reactor  
  100  9:49  Supply Depot  
  100  9:54  Widow Mine x3  
  100  9:55  Widow Mine x3  
  112  10:16  Widow Mine x2  
  112  10:21  Command Center  
  116  10:27  Smart Servos  
  116  10:30  Drilling Claws  
  116  10:32  Terran Vehicle Weapons Level 2  
  116  10:34  Terran Vehicle And Ship Armor Level 2  
  116  10:37  Widow Mine x2  
  120  10:58  Widow Mine x2  
  124  11:27  Refinery  
  124  11:28  Refinery  
  124  11:30  Missile Turret  
  124  11:31  Missile Turret  
  124  11:32  Thor x2  
  124  11:33  Thor x2  
  124  11:38  Widow Mine x2  
  152  11:48  Planetary Fortress  
  152  11:51  Missile Turret x2  
  152  11:53  Missile Turret x2  
  152  11:59  Widow Mine  
  152  12:00  Widow Mine  
  156  12:14  Missile Turret  
  156  12:16  Missile Turret  
  156  12:21  Missile Turret  
  144  12:41  Missile Turret  
  83  13:31  Thor  
  83  13:32  Thor x3  
  82  14:22  Thor x2  
  82  14:23  Thor x2  
  106  14:26  Command Center  
  95  15:18  Widow Mine  
  95  15:19  Widow Mine  
  99  15:25  Thor  
  99  15:26  Thor  
  99  15:27  Thor  
  115  15:40  Widow Mine x2  
  115  15:41  Refinery  
  119  16:01  Widow Mine x2  
  123  16:05  Refinery  
Show
View Real Time Build Order
Export as new Build Order

dkchalo Terran 

Build Orders:  

Get SALT Encoding   

  12  0:21  Supply Depot  
  12  0:22  SCV  
  12  0:23  Refinery  
  13  0:34  SCV  
  14  0:50  Barracks  
  14  0:58  SCV  
  14  1:04  Refinery  
  15  1:10  SCV  
  16  1:22  SCV  
  17  1:34  SCV  
  18  1:53  Factory  
  18  1:55  Barracks Reactor  
  18  2:19  Command Center  
  19  2:22  SCV  
  19  2:35  SCV  
  20  2:40  Starport  
  20  2:43  Factory Tech Lab  
  20  2:47  SCV  
  21  2:59  Marine x2  
  23  3:13  Supply Depot  
  23  3:21  Supply Depot  
  23  3:31  Marine x2  
  25  3:36  Supply Depot  
  25  3:39  Starport Tech Lab  
  25  3:44  Siege Tank  
  28  4:06  Starport, SCV  
  29  4:11  SCV  
  30  4:43  Orbital Command  
  30  4:46  Starport Tech Lab  
  30  4:55  Fusion Core  
  30  5:06  Marine x2  
  32  5:07  Armory  
  32  5:09  Armory, Siege Tank  
  35  5:21  Engineering Bay  
  35  5:30  Refinery  
  35  5:31  SCV  
  36  5:43  SCV  
  37  5:55  SCV  
  38  6:00  Battlecruiser  
  44  6:04  Terran Ship Weapons Level 1  
  44  6:07  Terran Vehicle And Ship Armor Level 1  
  44  6:11  SCV  
  44  6:16  SCV  
  46  6:20  Refinery  
  46  6:23  SCV  
  47  6:28  SCV  
  48  6:34  Siege Tank  
  51  6:40  SCV  
  52  7:06  Supply Depot  
  52  7:26  Supply Depot  
  52  7:27  Supply Depot x2  
  52  7:28  Battlecruiser  
  58  7:50  Battlecruiser  
  64  7:52  Supply Depot  
  64  8:09  SCV  
  65  8:13  SCV  
  66  8:21  SCV, Weapon Refit  
  66  8:25  SCV, Terran Ship Weapons Level 2  
  68  8:33  SCV  
  69  8:37  SCV  
  70  8:45  SCV  
  71  8:50  SCV  
  72  8:57  SCV  
  72  9:02  SCV  
  74  9:12  Starport  
  74  9:15  Starport  
  74  9:16  Battlecruiser  
  62  9:52  Terran Vehicle And Ship Armor Level 2  
  62  9:55  Starport Tech Lab x2  
  68  10:00  Battlecruiser  
  68  10:13  Command Center  
  68  10:28  Battlecruiser  
  74  10:43  Marine x2  
  76  10:59  Neosteel Armor  
  76  11:01  Marine x2  
  78  11:18  Marine  
  78  11:19  Marine, Battlecruiser  
  86  11:32  Terran Ship Weapons Level 3  
  86  11:36  Marine  
  86  11:37  Marine  
  88  11:54  Marine x2  
  90  12:04  Widow Mine  
  92  12:10  Medivac  
  92  12:14  Drilling Claws  
  94  12:25  Battlecruiser, Widow Mine  
  102  12:46  Widow Mine  
  104  13:08  Widow Mine  
  100  13:57  Medivac  
  108  15:48  Supply Depot  
  104  15:57  Supply Depot  
  112  16:20  Supply Depot  
Show
View Real Time Build Order
Export as new Build Order

SALINERO Terran 

Build Orders:  

Get SALT Encoding   

  12  0:01  SCV  
  13  0:15  Supply Depot  
  13  0:21  SCV  
  14  0:33  SCV  
  15  0:39  Barracks  
  15  0:44  Refinery  
  15  0:52  Refinery  
  15  0:58  SCV  
  16  1:10  SCV  
  17  1:22  SCV  
  18  1:33  Marine  
  18  1:35  SCV  
  20  1:42  Factory  
  20  1:47  SCV  
  22  1:59  SCV  
  22  2:00  Barracks Tech Lab  
  22  2:11  SCV  
  22  2:14  Engineering Bay  
  23  2:28  Factory Tech Lab  
  23  2:32  Starport  
  23  2:40  Supply Depot  
  23  2:45  Orbital Command  
  23  3:02  Marauder, Siege Tank  
  23  3:05  Missile Turret  
  28  3:10  Starport Reactor  
  28  3:20  Supply Depot  
  28  3:22  SCV  
  28  3:23  Marine  
  30  3:32  Concussive Shells  
  30  3:41  Marine, Siege Tank  
  31  3:43  Supply Depot  
  34  3:50  Medivac x2  
  38  3:59  Marine  
  39  4:16  Marine  
  40  4:20  Command Center  
  40  4:31  Supply Depot  
  40  4:35  Marauder  
  42  4:40  Siege Tank  
  45  4:51  SCV  
  46  4:56  Marine  
  47  5:03  SCV  
  48  5:13  Marine  
  49  5:15  Medivac x2  
  53  5:24  Barracks  
  53  5:32  Marauder  
  53  5:33  SCV x2  
  57  5:35  Missile Turret  
  57  5:53  Marine  
  55  5:57  Missile Turret  
  52  6:07  Medivac x2  
  52  6:08  Siege Tank  
  52  6:10  Marine, SCV x2  
  62  6:18  Refinery  
  62  6:20  Refinery  
  62  6:22  Barracks Reactor, SCV x2  
  64  6:27  Barracks  
  64  6:28  Marine  
  65  6:34  SCV x2  
  67  6:41  Siege Tank  
  70  6:54  Command Center  
  70  7:22  Bunker  
  70  7:28  Supply Depot x2  
  70  7:32  Supply Depot  
  70  7:35  Barracks Reactor  
  70  7:38  Armory  
  70  7:42  Orbital Command  
  70  7:50  Medivac x2, Marine x3  
  77  7:52  SCV  
  78  7:58  Combat Shield  
  78  8:04  SCV  
  79  8:07  Marine x3  
  82  8:16  Marine x2, SCV  
  85  8:25  Marine x3  
  88  8:27  Terran Infantry Weapons Level 1  
  88  8:28  SCV  
  88  8:32  Engineering Bay  
  88  8:34  Marine x2, SCV  
  90  8:40  Orbital Command  
  92  8:43  Marine x3  
  92  8:45  Fusion Core  
  95  8:51  Marine  
  96  8:56  Marine  
  96  8:57  Medivac x2  
  101  9:04  Supply Depot  
  101  9:09  Supply Depot  
  101  9:23  Marine x5  
  91  9:41  Marine x3  
  91  9:44  Marine  
  91  9:45  Marine  
  89  9:46  Medivac x2  
  93  9:59  Marine x3  
  96  10:07  Missile Turret  
  96  10:10  Missile Turret  
  84  10:16  Medivac x2  
  84  10:19  Marine  
  84  10:20  Marine x4  
  72  10:30  Orbital Command  
  72  10:37  Marine x3  
  72  10:38  Marine  
  76  10:44  Marine  
  76  10:46  Medivac x2  
  81  10:55  Marine x4  
  81  10:56  Terran Infantry Weapons Level 2  
  85  11:02  Marine, SCV x3  
  89  11:07  Missile Turret, Siege Tank  
  89  11:10  Missile Turret  
  92  11:13  Marine  
  92  11:14  SCV x2  
  92  11:15  Medivac  
  92  11:16  Medivac, Missile Turret  
  92  11:17  Terran Infantry Armor Level 1  
  99  11:21  Marine x3  
  99  11:22  Marine  
  99  11:24  SCV  
  104  11:27  SCV x2  
  106  11:34  Marine  
  106  11:35  Supply Depot x2  
  106  11:37  SCV  
  106  11:38  Marine  
  106  11:39  Marine x2, SCV  
  112  11:42  Marauder  
  112  11:45  Medivac  
  116  11:47  Stimpack  
  116  11:54  Medivac, Marine  
  116  11:56  Marine x2  
  116  11:57  Marine  
  116  11:59  SCV  
  116  12:00  SCV  
  124  12:03  Marine  
  125  12:12  Marine  
  125  12:14  Marine x3  
  129  12:15  Medivac  
  129  12:21  Marine  
  132  12:24  Medivac, SCV x3  
  137  12:30  Marine  
  137  12:32  Marine x3  
  137  12:35  Refinery  
  141  12:37  Refinery  
  141  12:52  Supply Depot  
  141  12:53  Supply Depot  
  141  12:55  Supply Depot  
  141  13:00  Marine  
  141  13:01  Marine x3  
  141  13:03  Marine, SCV  
  141  13:06  Medivac  
  141  13:08  Medivac  
  136  13:18  Marine  
  136  13:19  Marine x2  
  133  13:20  Marine  
  133  13:25  Marine  
  104  13:36  Medivac, Marine  
  104  13:37  Marine x2  
  104  13:38  Marine  
  96  13:43  Marine  
  96  13:53  Marine  
  96  13:55  Marine x2  
  99  13:56  Marine  
  99  14:01  Marine  
  101  14:11  Marine  
  101  14:13  Marine x2  
  101  14:14  Marine  
  104  14:19  Marine  
  104  14:20  Medivac x2  
  109  14:29  Marine  
  109  14:30  Marine x2  
  110  14:32  Marine  
  110  14:36  Marine  
  112  14:47  Marine, Orbital Command  
  112  14:48  Marine x2  
  112  14:49  Marine  
  112  14:50  Medivac x2  
  120  14:54  Marine  
  121  15:05  Marine  
  121  15:06  Marine x2  
  124  15:07  Marine  
  124  15:12  Marine  
  126  15:17  SCV x2  
  126  15:20  Medivac x2  
  132  15:22  Marine  
  132  15:24  Marine x2  
  132  15:25  Marine  
  136  15:30  Marine  
  137  15:40  Marine  
  137  15:42  Marine x2  
  140  15:43  Marine  
  140  15:48  Marine  
  142  15:50  Medivac x2  
  146  15:58  Marine  
  146  15:59  Marine x2  
  146  16:01  Marine  
Show
View Real Time Build Order
Export as new Build Order

TATORREA Protoss 

Build Orders: Double Forge 

Get SALT Encoding   

  12  0:01  Probe  
  13  0:13  Probe  
  14  0:21  Pylon  
  14  0:25  Probe  
  15  0:39  Probe  
  15  0:40  Gateway  
  16  0:56  Probe  
  17  1:01  Assimilator  
  17  1:05  Probe  
  17  1:09  Pylon  
  18  1:14  Probe  
  19  1:22  Probe  
  19  1:25  Assimilator  
  20  1:34  Probe, Cybernetics Core  
  21  1:42  Gateway  
  21  1:47  Probe  
  22  1:59  Probe  
  23  2:11  Probe  
  23  2:23  Nexus  
  23  2:27  Pylon  
  23  2:28  Probe  
  24  2:40  Probe  
  25  2:54  Probe  
  26  3:07  Probe  
  27  3:14  Warp Gate  
  27  3:17  Stalker  
  27  3:18  Stalker  
  31  3:46  Probe x2  
  31  3:47  Stalker  
  31  3:48  Stalker  
  37  3:58  Pylon, Probe x2  
  37  4:02  Pylon  
  39  4:05  Pylon  
  39  4:10  Pylon, Probe  
  39  4:11  Probe  
  39  4:15  Pylon  
  41  4:18  Sentry x2  
  41  4:19  Pylon  
  45  4:42  Probe x2  
  47  4:57  Probe  
  47  4:58  Forge, Probe  
  47  4:59  Forge  
  49  5:01  Assimilator, Forge  
  49  5:04  Twilight Council, Assimilator  
  49  5:05  Robotics Facility  
  49  5:06  Stalker x2  
  53  5:11  Probe x2  
  55  5:23  Probe x2  
  57  5:35  Nexus  
  57  5:38  Pylon  
  57  5:39  Probe  
  57  5:40  Probe  
  57  5:41  Pylon  
  59  5:43  Stalker  
  51  5:55  Protoss Ground Armor Level 1, Protoss Ground Weapons Level 1, Protoss Shields Level 1  
  41  6:01  Blink  
  41  6:02  Stalker  
  41  6:03  Probe  
  41  6:04  Probe  
  41  6:15  Probe  
  41  6:16  Probe  
  43  6:28  Probe x2  
  43  6:29  Stalker  
  43  6:30  Sentry  
  49  6:40  Probe  
  49  6:41  Probe  
  51  6:49  Probe  
  51  6:52  Probe  
  51  6:53  Probe  
  54  6:59  Stalker  
  54  7:00  Sentry  
  58  7:01  Probe  
  59  7:13  Gateway  
  59  7:14  Gateway, Probe x2  
  61  7:16  Probe  
  61  7:17  Gateway  
  61  7:19  Gateway  
  61  7:21  Gateway  
  62  7:26  Probe  
  62  7:27  Probe  
  62  7:28  Assimilator, Probe  
  65  7:30  Assimilator  
  65  7:38  Probe  
  65  7:39  Probe  
  65  7:40  Probe  
  68  7:51  Probe x2, Nexus  
  70  7:52  Probe  
  70  7:53  Pylon  
  70  7:56  Pylon  
  70  7:57  Gateway  
  71  8:00  Gateway  
  71  8:03  Templar Archives  
  71  8:05  Probe x3  
  74  8:18  Probe x3  
  77  8:31  Protoss Ground Armor Level 2, Protoss Ground Weapons Level 2  
  77  8:34  Probe  
  78  8:36  Stalker x4  
  78  8:37  Stalker x3  
  78  8:38  Protoss Shields Level 2  
  92  8:42  Observer  
  93  9:04  Immortal  
  97  9:12  Probe x3  
  101  9:17  Probe  
  101  9:22  Assimilator  
  102  9:24  Probe x3  
  102  9:26  Stalker x4, Assimilator  
  102  9:27  Stalker x3  
  102  9:29  Stalker  
  104  9:47  Stalker  
  104  9:49  Probe x3  
  104  9:50  Probe  
  110  9:56  Stalker  
  110  9:57  Stalker x3  
  110  9:58  Stalker x4  
  126  10:01  Probe x3  
  126  10:02  Probe  
  128  10:31  Stalker x3  
  128  10:32  Stalker x3  
  128  10:33  Stalker x3  
  146  10:36  Probe x4  
  150  10:44  Immortal  
  154  11:07  Gateway  
  154  11:08  Gateway  
  154  11:10  Gateway x2  
  154  11:12  Gateway  
  154  11:17  Gateway  
  154  11:18  Gateway  
  154  11:23  Gateway  
  154  11:25  Stalker x3  
  156  11:26  Stalker x2  
  156  11:27  Pylon  
  156  11:31  Pylon  
  164  11:35  Pylon  
  164  11:37  Nexus  
  164  11:38  Pylon  
  164  11:39  Pylon  
  164  11:45  Immortal  
  168  11:52  Stalker  
  168  11:53  Stalker x3  
  168  11:54  Stalker x2  
  180  12:25  Observer  
  133  13:05  Stalker x3  
  132  13:06  Stalker x3  
  132  13:07  Stalker x3  
  132  13:08  Stalker x4  
  132  13:09  Stalker x3  
  86  13:38  Cybernetics Core  
  62  14:10  Zealot x2  
  62  14:11  Zealot x3  
  62  14:12  Zealot x3  
  62  14:13  Zealot x2  
Show
View Real Time Build Order
Export as new Build Order

MrFercho Zerg 

Build Orders: Pool First, Lurkers 

Get SALT Encoding   

  12  0:01  Drone  
  13  0:17  Extractor  
  12  0:27  Spawning Pool  
  12  0:28  Drone  
  12  0:38  Overlord  
  12  0:41  Drone  
  13  0:46  Drone  
  14  0:56  Drone  
  15  1:01  Drone  
  16  1:11  Drone  
  17  1:22  Drone  
  18  1:30  Metabolic Boost  
  18  1:32  Queen  
  20  1:34  Drone  
  21  1:44  Overlord  
  21  2:10  Zergling x4  
  23  2:17  Hatchery  
  22  2:29  Drone x2  
  24  2:38  Lair, Baneling Nest  
  24  2:39  Drone  
  24  2:43  Drone  
  25  2:48  Zergling x2  
  25  2:49  Zergling x2  
  27  2:55  Evolution Chamber  
  27  2:57  Drone  
  27  3:02  Drone  
  28  3:11  Overlord  
  28  3:16  Spine Crawler  
  27  3:21  Spore Crawler  
  26  3:28  Zerg Ground Armor Level 1  
  26  3:30  Drone  
  26  3:33  Drone  
  28  3:40  Overlord  
  28  3:52  Extractor  
  28  3:54  Zergling x8  
  31  4:04  Drone  
  31  4:05  Drone  
  33  4:12  Queen  
  35  4:23  Centrifical Hooks  
  35  4:25  Drone x3  
  35  4:29  Zergling x2  
  39  4:36  Baneling  
  39  4:42  Drone x2  
  39  4:43  Evolution Chamber  
  40  4:47  Drone x2  
  42  5:03  Zergling x2  
  42  5:04  Zergling x2  
  42  5:05  Overlord  
  42  5:06  Overlord  
  44  5:09  Zerg Melee Weapons Level 1  
  44  5:12  Baneling x3  
  44  5:13  Baneling  
  44  5:14  Baneling  
  44  5:16  Baneling  
  44  5:17  Baneling  
  44  5:23  Drone x3  
  47  5:35  Zergling x10  
  52  5:40  Drone x2  
  54  6:11  Zergling x4  
  54  6:12  Zergling x8  
  54  6:15  Overlord x2  
  60  6:21  Overlord  
  60  6:25  Zerg Ground Armor Level 2  
  60  6:26  Hatchery  
  59  6:41  Hydralisk Den  
  49  6:59  Zergling x2  
  49  7:00  Zergling x18  
  57  7:14  Drone x2  
  59  7:16  Extractor  
  59  7:19  Muscular Augments  
  59  7:21  Drone  
  59  7:29  Lurker Den  
  58  7:30  Drone x2  
  58  7:32  Extractor  
  59  7:38  Drone x2  
  61  7:48  Zerg Melee Weapons Level 2  
  61  7:49  Drone  
  61  7:50  Drone x7  
  69  7:59  Drone  
  70  8:07  Queen  
  72  8:29  Hydralisk  
  72  8:30  Grooved Spines, Hydralisk x7  
  88  8:47  Baneling x6  
  88  8:49  Baneling  
  88  9:02  Hatchery  
  87  9:04  Extractor  
  87  9:06  Extractor  
  85  9:14  Hydralisk  
  85  9:15  Hydralisk  
  89  9:18  Overlord x3  
  89  9:20  Lurker  
  69  9:40  Lurker  
  69  9:42  Lurker x2  
  69  10:11  Zergling x2  
  69  10:12  Zergling x38  
  89  10:25  Hatchery  
  88  10:41  Drone x10  
  98  10:49  Zerg Missile Weapons Level 1  
  98  10:58  Infestation Pit  
  98  11:01  Hydralisk x4  
  98  11:02  Hydralisk x5  
  115  11:12  Baneling x3  
  115  11:13  Baneling x10  
  115  11:18  Overseer  
  73  12:52  Hydralisk x14  
  73  12:53  Hydralisk x6  
  61  13:47  Zergling x8  
  61  13:48  Zergling x42  
  59  14:24  Hydralisk x12  
  59  14:25  Hydralisk x3  
  89  14:35  Spire  
  88  14:38  Hive  
  88  14:48  Hydralisk  
  88  14:49  Hydralisk x9  
  108  15:00  Lurker x2  
  108  15:01  Lurker  
  111  15:12  Overlord x2  
  100  15:27  Hydralisk x9  
  118  15:30  Overlord  
  118  15:31  Overlord x7  
  114  15:45  Overseer  
  114  15:48  Lurker x8  
  122  15:52  Zergling x14  
  122  15:53  Zergling x8  
Show
View Real Time Build Order
Export as new Build Order

tigro Terran 

Build Orders:  

Get SALT Encoding   

  12  0:03  SCV  
  13  0:15  SCV  
  13  0:19  Supply Depot  
  14  0:27  SCV  
  15  0:31  Refinery  
  15  0:41  SCV  
  16  0:50  Barracks  
  16  0:53  SCV  
  17  1:05  SCV  
  17  1:10  Refinery  
  18  1:17  SCV  
  19  1:19  Supply Depot  
  19  1:29  SCV  
  20  1:39  Marine  
  21  1:42  SCV  
  22  1:54  SCV  
  23  1:57  Marine  
  24  2:02  Barracks  
  24  2:06  SCV  
  25  2:14  Marine  
  26  2:18  Orbital Command  
  26  2:25  Engineering Bay  
  26  2:32  Marine  
  27  2:50  Barracks Reactor, Marine  
  28  2:52  Factory  
  28  3:13  Missile Turret  
  28  3:21  Barracks Tech Lab  
  28  3:32  Terran Infantry Weapons Level 1  
  28  3:35  Missile Turret  
  28  3:37  Factory Tech Lab  
  28  3:38  Marine  
  28  3:39  Marine  
  30  3:56  Marine x2  
  30  3:58  Missile Turret  
  30  3:59  Starport  
  30  4:01  Combat Shield  
  32  4:14  Marine x2  
  32  4:15  Siege Tank  
  37  4:42  Medivac  
  39  4:55  Siege Tank  
  42  5:20  Stimpack  
  42  5:21  Command Center  
  42  5:26  Terran Infantry Armor Level 1  
  42  5:27  Siege Tank  
  45  6:02  Marine x2  
  47  6:28  Supply Depot  
  47  6:30  Supply Depot  
  47  6:33  Marine x3  
  47  6:36  Refinery  
  50  6:50  Marine x3  
  39  7:08  Marine x3  
  38  7:25  SCV  
  38  7:26  Marine  
  40  7:31  Refinery  
  40  7:32  Starport Tech Lab  
  40  7:33  Starport  
  40  7:37  SCV  
  40  7:41  Fusion Core  
  41  7:44  Marine  
  41  7:45  Armory, Neosteel Armor  
  41  7:48  Siege Tank  
  41  7:49  SCV  
  46  7:58  Marine x2  
  48  8:01  SCV  
  48  8:02  Marine  
  50  8:13  SCV  
  51  8:38  Weapon Refit  
  51  8:54  Starport Tech Lab  
  51  8:55  Command Center  
  51  8:56  Medivac  
  53  9:25  Hi-Sec Auto Tracking  
  53  9:26  Medivac  
  31  9:47  Marine x3  
  31  10:05  Marine x3  
  23  10:23  Marine x3  
  26  10:38  Refinery  
  26  10:40  Marine  
  26  10:41  Marine x2  
  29  10:59  Marine  
  30  11:05  Terran Infantry Weapons Level 2, Factory  
  30  11:09  Terran Vehicle Weapons Level 1  
  30  11:35  SCV  
  31  11:47  Medivac, SCV  
  34  11:54  Missile Turret  
  34  11:59  SCV  
  35  12:05  Thor  
  41  12:11  SCV  
  41  12:15  SCV, Missile Turret  
  43  12:27  Planetary Fortress  
  43  12:28  SCV  
  44  12:33  Marine  
  45  12:40  SCV  
  45  12:42  Missile Turret  
  46  12:48  Refinery, Siege Tank  
  49  12:52  Marine x2, Refinery, SCV  
  49  12:53  Marine  
  53  13:04  SCV, Terran Vehicle And Ship Armor Level 1  
  54  13:15  Marine x3  
  57  13:21  Terran Infantry Armor Level 2  
  57  13:33  Marine x3  
  48  13:51  Marine x3  
  47  14:09  Marine x3  
  44  14:26  Marine  
  44  14:27  Marine x2  
  47  14:44  Marine x3  
  41  14:58  Battlecruiser  
  47  15:02  Marine x3  
  47  15:04  Medivac  
  49  15:20  Marine x3  
  46  15:32  Thor  
  46  15:34  Medivac  
  54  15:38  Marine x3  
  57  15:56  Marine  
  58  15:57  Marine  
  58  15:58  Marine  
Tags
 
Add a new tag
Caveats
  • Supply blocks, unpowered buildings, or Contaminate may cause inaccurate times.
  • Supply counts are checked every 10 seconds.